Unix NetHack Version 5.0.0-0 post-release - last build Jun 10 2026 00:39:30 (3ee93aec679c4c4259841fe613dc97188e26a321,branch:main).

Game began 2026-06-17 12:01:07, ended 2026-06-17 12:14:41.

Eymerich, chaotic male elven Priest

                             ----------
                            #-.........#######-----
                         ####|........|      #|...|
                         ##  |.......*|      #|...|
                         ##  |*..^.....#     #|>..|
                         #   -------.--#     #|...|
                         #          #  #     #|....#
                        ##          #  #     #--.--#
                         #          #  ##    ###################
                         #          #   ##    #       ## ------.----
                         #          ###  #    #        # |.........|
                         ###          #  ###  #        # |.........|
                           #----------.-   #  #        # |.........|
                           #|..........|   ## #        # |.........|
                           #|......(...|    #-.----    ##...<...(((|
                           #-..........|    #h@f..|      -----------
                            |..........|     |....|
                            |..........|     |....|
                            ------------     ------

Eymerich the Acolyte         St:9 Dx:12 Co:16 In:10 Wi:17 Ch:11  Chaotic
Dlvl:2  $:723 HP:0(24) Pw:35(35) AC:7  Xp:3 T:1748 

Latest messages:
 You are almost hit by a rock.
 F - a rock (2 in total).
 The hobbit swings his sling.
 The hobbit hits!
 You kill the hobbit!
 You hear the footsteps of a guard on patrol.
 G - a sling.
 F - 5 rocks (7 in total).
 You are bare handed.
 a - a blessed +1 mace (alternate weapon; not wielded).
 What do you want to wield? [- alrxG or ?*]
 G - a sling (weapon in right hand).
 What do you want to ready? [- aloqrxzF or ?*]
 F - 7 rocks (in quiver pouch).
 You descend the stairs.
 Pick a monster, object or location.
 You swap places with Puffa.
 You see here a bell.
 You see here a locked large box.
 Puffa picks up a bell.
 Puffa drops a bell.
 $ - 723 gold pieces.
 B - 11 cursed elven arrows.
 A - a pick-axe.
 You see here a bell.
 i - a bell.
 You hear a door open.
 The hobbit wields an elven dagger!
 a - a blessed +1 mace (weapon in right hand).
 G - a sling (alternate weapon; not wielded).
 The hobbit thrusts his elven dagger.
 The hobbit hits!
 You miss the hobbit.
 The hobbit thrusts his elven dagger.
 The hobbit hits!
 You miss the hobbit.
 The hobbit thrusts his elven dagger.
 The hobbit hits!
 You swap places with Puffa.
 Puffa misses the hobbit.
 Puffa bites the hobbit.
 The hobbit thrusts his elven dagger at Puffa.
 The hobbit misses Puffa.
 You stop waiting.
 You miss the hobbit.
 The hobbit thrusts his elven dagger.
 The hobbit hits!
 You die...
 Do you want your possessions identified? [ynq] (y)
 Do you want to see your attributes? [ynq] (y)

Inventory:
 Coins    ('$')
  $ - 723 gold pieces
 Weapons  (')')
  B - 11 cursed fireproof +0 elven arrows
  G - a +0 sling (alternate weapon; not wielded)
  x - 38 blessed +1 darts
  r - 30 +0 darts
  l - a +0 flail
  a - a blessed +1 mace (weapon in right hand)
 Armor    ('[')
  c - a +0 small shield (being worn)
  b - a +0 robe (being worn)
 Comestibles  ('%')
  e - a clove of garlic
  k - a lembas wafer
  f - a sprig of wolfsbane
  j - 2 lichen corpses
 Spellbooks  ('+')
  h - a spellbook of detect unseen
  g - a spellbook of light
 Potions  ('!')
  w - a potion of confusion
  m - a potion of healing
  d - 4 potions of holy water
 Wands    ('/')
  u - a wand of cancellation (0:5)
  n - a wand of sleep (0:7)
 Tools    ('(')
  i - a bell
  A - a +0 pick-axe
 Gems/Stones  ('*')
  q - a fluorite stone named soft
  o - 2 worthless pieces of blue glass named soft
  z - a cursed worthless piece of white glass named soft
  F - 7 rocks (in quiver pouch)

Eymerich the Priest's attributes:

Background:
 You were an Acolyte, a level 3 elven Priest.
 You were chaotic, nominally on a mission for Set
 who was opposed by Mitra (lawful) and Crom (neutral).
 You were right-handed.
 You were in the Dungeons of Doom, on level 2.
 You entered the dungeon 1748 turns ago.
 There was a new moon in effect when your adventure ended.
 You had 68 experience points, 12 more were needed to attain level 4.

Basics:
 You had 0 out of 24 hit points.
 You had all 35 energy points (spell power).
 Your armor class was 7.
 Your wallet contained 723 zorkmids.
 Autopickup was off.

Final Characteristics:
 Your strength was 9 (limit:18).
 Your dexterity was 12 (limit:18).
 Your constitution was 16 (limit:16).
 Your intelligence was 10 (limit:20).
 Your wisdom was 17 (limit:20).
 Your charisma was 11 (limit:18).

Final Status:
 You weren't hungry.
 You were unencumbered.
 You were wielding a mace.
 You had basic skill with mace.

Final Attributes:
 You were devoutly aligned.
 You had infravision.
 You were guarded.
 Your spell casting was enhanced by wearing a robe.
 You are dead.

Miscellaneous:
 You didn't encounter any bones levels.
 Total elapsed playing time was 13 minutes and 32 seconds.

Major events:
 Turn
    1: Eymerich the chaotic elven Priest entered the dungeon
 1338: attained the rank of Acolyte (level 3)
 1748: killed by a hobbit

Spells:
 Name                 Level Category     Fail Retention
 light                  1   clerical       0%  91%-100%
 detect unseen          3   divination    84%  76%-100%

Skills:
 Fighting Skills
   bare handed combat [Unskilled]
 Weapon Skills
   club               [Unskilled]
   mace               [Basic]
   morning star       [Unskilled]
   flail              [Unskilled]
   hammer             [Unskilled]
   quarterstaff       [Unskilled]
   polearms           [Unskilled]
   spear              [Unskilled]
   trident            [Unskilled]
   lance              [Unskilled]
   bow                [Unskilled]
   sling              [Unskilled]
   crossbow           [Unskilled]
   dart               [Unskilled]
   shuriken           [Unskilled]
   boomerang          [Unskilled]
   unicorn horn       [Unskilled]
 Spellcasting Skills
   healing spells     [Unskilled]
   divination spells  [Unskilled]
   clerical spells    [Basic]

Voluntary challenges:
 Character rerolling was not enabled.
 You were an atheist.
 You were illiterate.
 You never genocided any monsters.
 You never polymorphed an object.
 You never changed form.
 You used no wishes.
Achievement:
 You attained the rank of Acolyte.

 The Dungeons of Doom: levels 1 to 3
    Level 1: "vault (done)"
    Level 2: <- You were here.
       Final resting place for
          you, killed by a hobbit.
    Level 3:


Vanquished creatures:
  a hobbit
  a red mold
  3 geckos
  2 jackals
  a kobold
  2 sewer rats
  2 grid bugs
  2 bats
  5 lichens
  7 newts
26 creatures vanquished.

No species were genocided or became extinct.

Game over:
                       ----------
                      /          \
                     /    REST    \
                    /      IN      \
                   /     PEACE      \
                  /                  \
                  |     Eymerich     |
                  |      723 Au      |
                  |   killed by a    |
                  |      hobbit      |
                  |                  |
                  |                  |
                  |       2026       |
                 *|     *  *  *      | *
        _________)/\\_//(\/(/\)/\//\/|_)_______

Goodbye Eymerich the Priest...

You died in The Dungeons of Doom on dungeon level 2 with 1023 points,
and 723 pieces of gold, after 1748 moves.
You were level 3 with a maximum of 24 hit points when you died.

